 Dungeon Crawl Stone Soup version 0.32-a0-814-g0968bab981 (webtiles) character file.

Game seed: 5395029612617948031

854 warriortoast the Changeling (level 8, -2/54 HPs)
             Began as an Octopode Shapeshifter on Mar 22, 2024.
             Slain by a steam dragon (6 damage)
             ... on level 5 of the Dungeon.
             The game lasted 00:08:03 (4221 turns).

warriortoast the Changeling (Octopode Shapeshifter) Turns: 4221, Time: 00:08:04

Health: -2/54      AC:  1    Str: 15    XL:     8   Next: 1%
Magic:  8/8        EV: 12    Int: 19    God:
Gold:   247        SH:  5    Dex: 11    Spells: 7/7 levels left

rFire   . .          .
                       - Unarmed
rCold   . . .        (no shield)
rNeg    . . .        (helmet currently unavailable)
rPois   .            o - amulet of reflection
rElec   .            p - +6 ring of intelligence
rCorr   .            (no ring)
SInv    .            (no ring)
Will    .....        (no ring)
Stlth   ++++         (no ring)
HPRegen 0.29/turn    (no ring)
MPRegen 0.11/turn    (no ring)
                     (no ring)

%: reflection
@: beast-form
A: beast (slay +3), almost no armour, amphibious, 8 rings, camouflage 1,
gelatinous body 1, (nimble swimmer 1), tentacles
a: Begin Untransformation


You were on level 5 of the Dungeon.
You were a hulking beast.
You visited 2 branches of the dungeon, and saw 6 of its levels.

You collected 247 gold pieces.

Inventory:

Armour
 q - a +2 kite shield
Jewellery
 o - an amulet of reflection (around mantle)
 p - a +6 ring of intelligence (left tentacle)
 r - an amulet of faith
Talismans
 b - a beast talisman (active)
 c - a flux talisman
Wands
 m - a wand of polymorph (7)
Scrolls
 f - 4 scrolls of enchant weapon {unknown}
 g - 4 scrolls of noise {unknown}
 h - 5 scrolls of identify {unknown}
 i - 3 scrolls of teleportation {unknown}
 l - 3 scrolls of amnesia {unknown}
 n - a scroll of vulnerability {unknown}
 t - a scroll of fog {unknown}
 u - a scroll of acquirement {unknown}
Potions
 a - a potion of lignification
 d - 2 potions of berserk rage {unknown}
 e - 5 potions of curing {unknown}
 j - a potion of attraction {unknown}
 k - a potion of brilliance {unknown}
 s - a potion of haste {unknown}
 v - a potion of degeneration {unknown}


   Skills:
 + Level 4.7 Fighting
 - Level 2.0 Dodging
 - Level 5.0 Stealth
 - Level 5.0 Unarmed Combat
 + Level 5.3 Shapeshifting


You had 7 spell levels left.
You didn't know any spells.
Your spell library contained the following spells:

 Spells                   Type           Power      Damage    Failure   Level
 Scorch                   Fire           0%         2d5       30%         2
 Call Canine Familiar     Summ           0%         N/A       52%         3
 Passwall                 Erth           0%         N/A       52%         3
 Sigil of Binding         Hex            0%         N/A       52%         3
 Volatile Blastmotes      Fire/Tloc      0%         2d10      52%         3
 Dimensional Bullseye     Hex/Tloc       0%         N/A       90%         4
 Flame Wave               Conj/Fire      0%         2d4       90%         4
 Bombard                  Conj/Erth      0%         9d1       100%        6
 Summon Cactus Giant      Summ           0%         N/A       100%        6


Dungeon Overview and Level Annotations

Branches:
Dungeon (5/15)             Temple (1/1) D:5

Altars:
Ashenzari
Cheibriados
Gozag
Hepliaklqana
Kikubaaqudgha
Makhleb
Okawaru
Ru
Uskayaw
Vehumet
Xom
Yredelemnul
Zin
The Shining One

Shops:
D:2 (

Annotations:
D:5 Edmund


Innate Abilities, Weirdness & Mutations

You are a hulking beast.
Your limbs bulge with bestial killing power. (Slay +3)
You cannot wear most types of armour.
You are amphibious.
You can wear up to eight rings at the same time.
Your skin changes colour to match your surroundings (Stealth+).
Your rubbery body absorbs attacks. (AC +1, EV +1)
((You are camouflaged when in or above water. (Stealth+)))
You have tentacles for arms and can constrict up to eight enemies at once.


Message History

You now have 237 gold pieces (gained 13).
There is an open door, spattered with blood here.
Items here: ))) [[[ ††.
You now have 247 gold pieces (gained 10).
v - a clear potion
Found 5 stones.
You open the door.
There is an open door here.
There is an open door here.
There is an open door here.
There is an open door here.
You see here a +0 plate armour.
There is an open door here.
There is an escape hatch in the floor here.
A steam dragon comes into view.
A steam dragon is nearby!
The steam dragon hisses angrily.
The steam dragon breathes steam at you. The ball of steam hits you!!
You block the steam dragon's attack. The steam dragon claws you.
You closely miss the steam dragon. The steam dragon closely misses you.
The steam dragon misses you.
You tentacle-slap the steam dragon.
The steam dragon is lightly wounded.
The steam dragon bites you. The steam dragon closely misses you.
You are too injured to fight recklessly!
You are too injured to fight recklessly!
You tentacle-slap the steam dragon but do no damage.
The steam dragon is lightly wounded.
The steam dragon bites you! The steam dragon barely misses you.
You tentacle-slap the steam dragon. You squeeze the steam dragon!
The steam dragon is heavily wounded.
The steam dragon bites you!
* * * LOW HITPOINT WARNING * * *
The steam dragon claws you.
* * * LOW HITPOINT WARNING * * *
You barely miss the steam dragon.
The steam dragon is heavily wounded.
The steam dragon bites you.
You die...

+#########...##.........#########
.........#..[.#.........#
.........#....#.........#
....<....+....#.........#
######..##...##.........#
.....#..##...#.....######
.....#.......#.....#
.....#.......+.....#
.....#.......#..h..#
.....#.......#..D..#
.....#########.....# ######
#######


You could see a steam dragon.

Vanquished Creatures
  Grinder (D:3)
  Menkaure (D:4)
  2 ogres (D:5)
  2 bombardier beetles (D:3)
  2 iguanas
  Terence (D:3)
  A sleepcap (D:5)
  A gnoll (D:1)
  4 adders
  A shadow imp (D:5)
  2 ufetubi (D:5)
  6 dart slugs
  2 ribbon worms
  19 orcs
  8 endoplasms
  3 giant cockroaches
  7 goblins
  10 hobgoblins
  4 jackals (D:2)
  6 kobolds
  3 quokkas
  9 ball pythons
  3 bats
  5 frilled lizards
  4 rats (D:2)
107 creatures vanquished.

Notes
Turn   | Place    | Note
-------+----------+-------------------------------------------
     0 | D:1      | warriortoast the Octopode Shapeshifter began the quest for
                  | the Orb.
     0 | D:1      | Reached XP level 1. HP: 13/13 MP: 1/1
    40 | D:1      | Reached skill level 1 in Stealth
    40 | D:1      | Reached XP level 2. HP: 10/18 MP: 2/2
   534 | D:1      | Reached XP level 3. HP: 23/23 MP: 3/3
   894 | D:2      | Reached XP level 4. HP: 22/29 MP: 4/4
   934 | D:2      | Found Hobouj's Weapon Boutique.
  1720 | D:3      | Found a faded altar of an unknown god.
  1862 | D:3      | Noticed Grinder
  1941 | D:3      | Reached XP level 5. HP: 27/35 MP: 5/5
  2324 | D:3      | Found a glowing silver altar of Zin.
  2361 | D:3      | Noticed Terence
  2365 | D:3      | Killed Terence
  2366 | D:3      | Reached XP level 6. HP: 27/41 MP: 6/6
  2574 | D:3      | Killed Grinder
  2575 | D:3      | Reached XP level 7. HP: 37/46 MP: 7/7
  2620 | D:4      | Noticed Menkaure
  2620 | D:4      | Found an iron altar of Okawaru.
  2634 | D:4      | Killed Menkaure
  2635 | D:4      | Reached skill level 5 in Stealth
  2655 | D:4      | Found a burning altar of Makhleb.
  3435 | D:5      | Entered Level 5 of the Dungeon
  3547 | D:5      | Found a staircase to the Ecumenical Temple.
  3590 | D:5      | Reached skill level 5 in Unarmed Combat
  3600 | Temple   | Entered the Ecumenical Temple
  3766 | D:5      | Reached skill level 5 in Shapeshifting
  3846 | D:5      | Noticed Edmund
  4008 | D:5      | Reached XP level 8. HP: 54/54 MP: 8/8
  4221 | D:5      | Slain by a steam dragon

Illustrated notes

Levels and vault maps discovered:
D:1:      sevenhm_arrival_forest_fort_small_3, layout_rooms
D:2:      layout_basic, serial_shops, nicolae_diamond_shop
D:3:      layout_basic, mainiacjoe_overflow_boulevard,
          chequers_ecumenical_altar_island, serial_bayou_lake_a, uniq_terence,
          uniq_grinder
D:4:      layout_basic, okawaru_metal_pillars_1_2, pf_just_have_faith,
          uniq_menkaure
D:5:      layout_gridville, minmay_temple_entry_mist, uniq_edmund
Temple:   minmay_temple_curvy_loop

Skill      XL: |  1  2  3  4  5  6  7 |
---------------+----------------------+-----
Stealth        | 1 2 3 4 5 |  5.0
Fighting       | 2 3 4 |  4.7
Unarmed Combat | 4 5 |  5.0
Shapeshifting  | 4 5 |  5.3
Dodging        | |  2.0

Action                     |  1- 3 |  4- 6 |  7- 9 || total
---------------------------+-------+-------+-------++-------
  Melee: Unarmed           |    59 |    74 |    69 ||   202
         Tentacles         |     7 |    16 |    24 ||    47
         Constrict         |    15 |    22 |    24 ||    61
         Punch             |     1 |     1 |     3 ||     5
   Stab: Sleeping          |       |     7 |     5 ||    12
 Armour: Skin              |    25 |    31 |    22 ||    78
  Dodge: Dodged            |    34 |    34 |    26 ||    94
  Block: Other             |       |       |    11 ||    11

Table legend: (Time is in decaauts)
 A = Elapsed time spent in this place.
 B = Non-inter-level travel time spent in this place.
 C = Inter-level travel time spent in this place.
 D = Time resting spent in this place.
 E = Time spent auto-exploring this place.
 F = Levels seen in this place.
 G = Mean time per level.
                   A        B        C        D        E       F      G
               +--------+--------+--------+--------+--------+-----+--------+
         Total |   4205 |   4140 |     65 |    367 |   3005 |   6 |  700.8 |
       Dungeon |   4203 |   4138 |     65 |    367 |   3005 |   5 |  840.6 |
        Temple |      1 |      1 |      0 |      0 |      0 |   1 |    1.0 |
               +--------+--------+--------+--------+--------+-----+--------+

Top non-repeatable levels by time:
     D:2: 939 daAuts
     D:3: 902 daAuts
     D:4: 812 daAuts
     D:5: 780 daAuts
     D:1: 768 daAuts
  Temple: 1 daAuts
